 Dungeon Crawl Stone Soup version 0.28.0-45-g0d030f2227 (webtiles) character file.

Game seed: 6502812361845696669

35 Descartes the Grasshopper (level 3, 27/27 HPs)
             Began as a Formicid Warper on Apr 11, 2022.
             Was a Follower of Sif Muna.
             Got out of the dungeon alive.
             The game lasted 00:02:50 (1954 turns).

Descartes the Grasshopper (Formicid Warper)         Turns: 1954, Time: 00:02:51

Health: 27/27      AC:  8    Str: 17    XL:     3   Next: 52%
Magic:  6/6        EV:  7    Int: 12    God:    Sif Muna [*.....]
Gold:   17         SH:  0    Dex: 10    Spells: 6/6 levels left

rFire   . . .      SeeInvis +   a - +0 hand axe
rCold   . . .      Faith    .   (no shield)
rNeg    . . .      Spirit   .   j - +0 chain mail
rPois   .          Reflect  .   (helmet unavailable)
rElec   .          Harm     .   (no cloak)
rCorr   .          Rampage  .   (no gloves)
Will    .....                   (no boots)
Stlth   ..........              (no amulet)
HPRegen 0.09/turn               (no ring)
MPRegen 0.10/turn               (no ring)

@: no status effects
A: permanent stasis, dig shafts and tunnels, antennae 3, four strong arms
a: Dig, Shaft Self, Renounce Religion, Channel Magic


You escaped.
You worshipped Sif Muna.
Sif Muna was aware of your devotion.
You visited 1 branch of the dungeon, and saw 1 of its levels.

You collected 17 gold pieces.

Inventory:

Hand Weapons
 a - a +0 hand axe (weapon)
 g - a +2 short sword of draining
Missiles
 c - 5 boomerangs of dispersal (quivered)
Armour
 b - a +0 leather armour
 j - a +0 chain mail (worn)
Scrolls
 f - a scroll of fog {unknown}
 h - a scroll of immolation {unknown}
 i - a scroll of identify {unknown}
 k - a scroll of vulnerability {unknown}
Potions
 d - a potion of might {unknown}
 e - a potion of attraction {unknown}


   Skills:
 - Level 2.1 Fighting
 + Level 2.4 Axes
 + Level 1.6 Throwing
 + Level 1.8 Armour
 - Level 2.0 Dodging
 - Level 2.1 Spellcasting
 + Level 3.0 Translocations


You had 6 spell levels left.
You didn't know any spells.
Your spell library contained the following spells:

 Spells                   Type           Power      Damage    Failure   Level
 Gell's Gravitas          Tloc           8%         N/A       98%         3
 Lesser Beckoning         Tloc           8%         N/A       98%         3
 Teleport Other           Tloc           8%         N/A       98%         3
 Manifold Assault         Tloc           8%         N/A       100%        5
 Blink                    Tloc           Unusable   N/A       N/A         2

Dungeon Overview and Level Annotations

Branches:
Dungeon (1/15)

Altars:
Sif Muna

Shops:
D:1 (


Innate Abilities, Weirdness & Mutations

You cannot be hasted, slowed, berserked, paralysed or teleported.
You can dig through walls and to a lower floor.
You have a pair of large antennae on your head. (SInv)
Your four strong arms can wield two-handed weapons with a shield.


Message History

You barely miss the goblin. The goblin hits you but does no damage.
You barely miss the goblin. The goblin hits you but does no damage.
You slash the goblin!
You kill the goblin!
No target in view!
No target in view!
No target in view!
No target in view!
No target in view!
No target in view!
No target in view!
No target in view!
No target in view!
No target in view!
No target in view!
You see here a +0 dagger.
There is an open door here.
There is an open door here.
There is an open gate here.
You enter the shallow water.
Moving in this stuff is going to be slow.
You enter the shallow water.
Moving in this stuff is going to be slow.
You enter the shallow water.
Moving in this stuff is going to be slow.
Partly explored, can't reach some places.
There is an open gate here.
There is an open door here.
There is an open door here.
There is a faded altar of an unknown god here.
You cannot tell which god this altar belongs to.
Convert to them anyway?
Sif Muna accepts your prayer! Sif Muna welcomes you!
You can now call upon Sif Muna for magical energy.
There is an open door here.
There is an open door here.
There is an open gate here.
There is a staircase leading out of the dungeon here.
Are you sure you want to leave the Dungeon?
This will make you lose the game!
You have escaped!

#≈≈≈≈......♣P.P♣♣.##...##
#≈≈≈....♣.♣#########'''##
#≈≈≈......P#......##....#
#≈≈≈≈......######.##....#
#≈≈≈≈.....P#...##.#####'#
#≈≈≈.......###.##.# ##...
#≈≈≈.....♣♣#...##.###....
#≈≈≈♣...♣♣ ##..##.##.....
#≈≈≈♣..P@♣ #...##.#......
#≈≈≈♣♣♣♣♣♣ #......'...>..
#≈♣♣♣ #......#...... #≈
##.######..... #≈ #.#
##.... #♣ ##.# ##... ###
###..# ##'# #.# #..###
#.# #.# #..# #.#


There were no monsters in sight!

Vanquished Creatures
  4 dart slugs (D:1)
  4 ball pythons (D:1)
  2 endoplasms (D:1)
  A giant cockroach (D:1)
  3 goblins (D:1)
  3 hobgoblins (D:1)
  3 kobolds (D:1)
  2 frilled lizards (D:1)
  3 rats (D:1)
25 creatures vanquished.

Notes
Turn   | Place    | Note
-------+----------+-------------------------------------------
     0 | D:1      | Descartes the Formicid Warper began the quest for the Orb.
     0 | D:1      | Reached XP level 1. HP: 16/16 MP: 3/3
   215 | D:1      | Reached XP level 2. HP: 21/22 MP: 5/5
   481 | D:1      | Found Ciqi's Weapon Emporium.
   803 | D:1      | Reached XP level 3. HP: 15/27 MP: 6/6
  1043 | D:1      | Reached skill level 3 in Translocations
  1653 | D:1      | Found a faded altar of an unknown god.
  1882 | D:1      | Prayed at the altar of an unknown god.
  1882 | D:1      | Became a worshipper of Sif Muna the Loreminder
  1882 | D:1      | Reached * piety under Sif Muna
  1954 | D:$      | Got out of the dungeon alive.

Illustrated notes

Levels and vault maps discovered:
D:1:      kennysheep_arrival_seaside, layout_loops_corners,
          chequers_ecumenical_altar_grove, serial_shops,
          nicolae_shop_bloodbath_and_beyond

Skill      XL: |  1  2  3 |
---------------+----------+-----
Dodging        | 2 |  2.0
Translocations | 3 |  3.0
Fighting       | |  2.1
Axes           | |  2.4
Throwing       | |  1.6
Armour         | |  1.8
Spellcasting   | |  2.1

Action                   || total
-------------------------++-------
Melee: Hand axe          ||    95
       Punch             ||     3
Armor: Leather armour    ||    10
       Chain mail        ||    10
Dodge: Dodged            ||    49
